 Dungeon Crawl Stone Soup version 0.29.1-debian-1-gc3f1650bb9 (webtiles) character file.

Game seed: 3039602374597383616

188 Newt the Cutter (level 5, -9/42 HPs)
             Began as a Demonspawn Gladiator on Sept 12, 2022.
             Killed by divine providence
             ... invoked by an orc priest
              (14 damage)
             ... on level 4 of the Dungeon.
             The game lasted 00:04:39 (2915 turns).

Newt the Cutter (Demonspawn Gladiator)              Turns: 2915, Time: 00:04:40

Health: -9/42      AC:  7    Str: 16    XL:     5   Next: 39%
Magic:  5/5        EV: 12    Int:  9    God:
Gold:   218        SH:  0    Dex: 15    Spells: 4/4 levels left

rFire   . . .      SeeInvis .   a - +0 rapier (elec)
rCold   . . .      Faith    .   (no shield)
rNeg    . . .      Spirit   .   b - +1 leather armour
rPois   .          Reflect  .   (helmet restricted)
rElec   .          Harm     .   (no cloak)
rCorr   .          Rampage  .   (no gloves)
Will    .....                   j - +2 pair of boots
Stlth   ++........              h - amulet of regeneration
HPRegen 0.94/turn               (no ring)
MPRegen 0.09/turn               (no ring)

@: no status effects
A: horns 2, demonic magic 1
a: no special abilities


You were on level 4 of the Dungeon.
You visited 1 branch of the dungeon, and saw 4 of its levels.

You collected 218 gold pieces.

Inventory:

Hand Weapons
 a - a +0 rapier of electrocution (weapon)
Missiles
 d - 3 throwing nets (quivered)
 g - a javelin
 q - 3 poisoned darts
Armour
 b - a +1 leather armour (worn)
 c - a +0 helmet
 j - a +2 pair of boots (worn)
Jewellery
 h - an amulet of regeneration (around neck)
 r - an amulet of reflection
Scrolls
 e - 4 scrolls of teleportation
 p - a scroll of fear
 t - a scroll of identify {unknown}
 v - a scroll of brand weapon
 w - a scroll of enchant armour
Potions
 f - a potion of degeneration {unknown}
 i - 2 potions of heal wounds {unknown}
 k - a potion of mutation {unknown}
 l - a potion of magic {unknown}
 m - a potion of ambrosia {unknown}
 n - 2 potions of invisibility {unknown}
 o - 2 potions of haste {unknown}
 s - a potion of attraction {unknown}
 u - 2 potions of flight {unknown}


   Skills:
 - Level 4.0 Fighting
 + Level 4.1 Short Blades
 - Level 1.7 Throwing
 - Level 2.6 Dodging
 - Level 2.0 Stealth


You had 4 spell levels left.
You didn't know any spells.
Your spell library contained the following spells:

 Spells                   Type           Power      Damage    Failure   Level
 Freeze                   Ice            0%         1d3       45%         1
 Frozen Ramparts          Ice            0%         1d1       83%         3
 Hailstorm                Conj/Ice       0%         3d3       99%         4


Dungeon Overview and Level Annotations

Branches:
Dungeon (4/15)
 Temple: D:4-7

Altars:
Ashenzari
Cheibriados
Dithmenos
Kikubaaqudgha

Shops:
D:1 :


Innate Abilities, Weirdness & Mutations

You have a pair of horns on your head.
Spells you cast may paralyse adjacent enemies.


Message History

The endoplasm is severely wounded.
The endoplasm hits you but does no damage.
You hit the endoplasm.
You kill the endoplasm!
You hit the howler monkey but do no damage.
The orc priest calls down the wrath of Beogh upon you.
Beogh smites you! The howler monkey misses you.
You closely miss the howler monkey. Your headbutt misses the howler monkey.
The howler monkey hits you but does no damage.
You closely miss the howler monkey. You headbutt the howler monkey.
The howler monkey is lightly wounded.
The howler monkey hoots and howls with incredible vigour!
You closely miss the howler monkey.
The howler monkey is lightly wounded.
The howler monkey hits you.
The orc priest invokes the aid of Beogh against you.
Beogh smites you! The howler monkey closely misses you.
You puncture the howler monkey!
Lightning courses through the howler monkey!
You headbutt the howler monkey.
You kill the howler monkey!
Your Short Blades skill increases to level 4!
You hit the ball python.
You kill the ball python!
The orc priest hits you but does no damage.
Things that are here:
a +0 flail; an orc corpse You hit the orc priest.
You headbutt the orc priest.
The orc priest is moderately wounded.
The orc priest hits you with a +0 club.
The orc priest calls upon Beogh to heal the orc priest.
The orc priest's wounds heal themselves!
You hit the orc priest but do no damage.
You headbutt the orc priest, but do no damage.
The orc priest mumbles some strange prayers to Beogh against you.
Beogh smites you!
* * * LOW HITPOINT WARNING * * *
The orc priest calls down the wrath of Beogh upon you.
Beogh smites you!
You die...

#...........#.# #.# #.##.
#....#....###.# #.###.##.
#... #....# #.# #........
#.. #..o.###.# #####....
## #....#.#.# #####
##...h.#.################
#####.#.................
#o##################
#oo@................
##################.# #.#
#.. #.. ##. #. ##


You could see 2 orc priests and an orc.

Vanquished Creatures
  A howler monkey (D:4)
  Jessica (D:2)
  5 adders
  2 worms
  2 dart slugs
  An orc (D:4)
  3 ball pythons
  6 bats
  9 endoplasms
  3 giant cockroaches
  7 hobgoblins
  9 jackals
  7 kobolds
  A quokka (D:2)
  5 frilled lizards
  2 goblins (D:4)
  2 rats
66 creatures vanquished.

Vanquished Creatures (others)
  A human (D:3)
  3 plants (D:3)
  12 withered plants (D:3)
16 creatures vanquished.

Grand Total: 82 creatures vanquished

Notes
Turn   | Place    | Note
-------+----------+-------------------------------------------
     0 | D:1      | Newt the Demonspawn Gladiator began the quest for the Orb.
     0 | D:1      | Reached XP level 1. HP: 16/16 MP: 1/1
   254 | D:1      | Reached skill level 1 in Stealth
   500 | D:1      | Discovered your monstrous ancestry.
   500 | D:1      | Gained mutation: You have a pair of small horns on your
                  | head. [demonic ancestry]
   500 | D:1      | Reached XP level 2. HP: 22/22 MP: 2/2
   866 | D:1      | Found Zariurgh's Book Shop.
  1042 | D:2      | Noticed Jessica
  1399 | D:2      | Reached XP level 3. HP: 28/28 MP: 3/3
  1407 | D:2      | Killed Jessica
  1613 | D:2      | Found a snail-covered altar of Cheibriados.
  1759 | D:2      | Gained mutation: Spells you cast may paralyse adjacent
                  | enemies. [demonic ancestry]
  1759 | D:2      | Reached XP level 4. HP: 37/37 MP: 4/4
  2153 | D:3      | Found an ancient bone altar of Kikubaaqudgha.
  2154 | D:3      | Noticed a human
  2157 | D:3      | Killed a human
  2232 | D:3      | Found a faded altar of an unknown god.
  2534 | D:4      | Found a broken altar of Ashenzari.
  2553 | D:4      | Gained mutation: You have a pair of horns on your head.
                  | [demonic ancestry]
  2553 | D:4      | Reached XP level 5. HP: 42/42 MP: 5/5
  2776 | D:4      | Found a shadowy altar of Dithmenos.
  2915 | D:4      | Killed from afar by an orc priest

Illustrated notes

Levels and vault maps discovered:
D:1:      grunt_arrival_crossed_arrows, layout_loops_ring, serial_shops, shop,
          nrook_uturn, st_stairs_14
D:2:      layout_basic, basic_altar, uniq_jessica
D:3:      layout_rooms, tgw_kikubaaqudgha, shapermc_ecumenical_altar_flowoftime
D:4:      kennysheep_big_flooded_room, layout_basic,
          mainiacjoe_overflow_concentric_impassable, cheibrodos_ashenzari_chains

Skill      XL: |  1  2  3  4  5 |
---------------+----------------+-----
Stealth        | 1 2 |  2.0
Fighting       | 3 4 |  4.0
Short Blades   | 3 4 |  4.1
Throwing       | |  1.7
Dodging        | |  2.6

Action                   |  1- 3 |  4- 6 || total
-------------------------+-------+-------++-------
Melee: Rapier            |    87 |   103 ||   190
       Headbutt          |    10 |    16 ||    26
       Punch             |     1 |     2 ||     3
Throw: Javelin           |     1 |       ||     1
  Use: Scroll            |     5 |     3 ||     8
 Stab: Sleeping          |     2 |     1 ||     3
Armor: Leather armour    |    37 |    46 ||    83
Dodge: Dodged            |    71 |    88 ||   159
